 Dungeon Crawl Stone Soup version 0.28-a0-768-g8c92f1e708 (webtiles) character file.

Game seed: 16497482315912481845

0 Gargoyl the Skirmisher (level 1, -4/22 (23) HPs)
             Began as a Gnoll Abyssal Knight on Oct 31, 2021.
             Was a Follower of Lugonu.
             Killed from afar by an apocalypse crab (11 damage)
             ... with a blast of chaos
             ... on level 2 of the Abyss.
             The game lasted 00:00:20 (124 turns).

Gargoyl the Skirmisher (Gnoll Abyssal Knight)        Turns: 124, Time: 00:00:21

HP:   -4/22 (23)    AC:  3    Str: 12    XL:     1   Next: 0%
MP:   3/3           EV: 12    Int:  9    God:    Lugonu [*.....]
Gold: 51            SH:  0    Dex: 12    Spells: 0/0 levels left

rFire   . . .      SeeInvis .   a - +1 hand axe
rCold   . . .      Faith    .   (no shield)
rNeg    . . .      Spirit   .   b - +0 leather armour
rPois   .          Reflect  .   (no helmet)
rElec   .          Harm     .   (no cloak)
rCorr   .          Rampage  .   (no gloves)
Will    .....                   (no boots)
Stlth   +.........              (no amulet)
HPRegen 0.07/turn               (no ring)
MPRegen 0.08/turn               (no ring)

@: lightly drained
A: fangs 1, strong nose, distributed training
a: Renounce Religion, Depart the Abyss


You were on level 2 of the Abyss.
You worshipped Lugonu.
Lugonu was aware of your devotion.
You visited 0 branches of the dungeon, and saw 0 of its levels.
You visited the Abyss 1 time.

You collected 51 gold pieces.

Inventory:

Hand Weapons
 a - a +1 hand axe (weapon)
Armour
 b - a +0 leather armour (worn)
Potions
 c - a potion of mutation {unknown}


   Skills:
 + Level 6.4 Fighting
 + Level 0.0 Short Blades
 + Level 0.0 Long Blades
 + Level 4.4 Axes
 + Level 0.0 Maces & Flails
 + Level 0.0 Polearms
 + Level 0.0 Staves
 + Level 0.0 Slings
 + Level 0.0 Bows
 + Level 0.0 Crossbows
 + Level 0.0 Throwing
 + Level 4.4 Armour
 + Level 2.3 Dodging
 + Level 0.0 Stealth
 + Level 0.0 Shields
 + Level 0.0 Unarmed Combat
 + Level 0.0 Spellcasting
 + Level 0.0 Conjurations
 + Level 0.0 Hexes
 + Level 0.0 Summonings
 + Level 0.0 Necromancy
 + Level 0.0 Translocations
 + Level 0.0 Transmutations
 + Level 0.0 Fire Magic
 + Level 0.0 Ice Magic
 + Level 0.0 Air Magic
 + Level 0.0 Earth Magic
 + Level 0.0 Poison Magic
 + Level 4.4 Invocations
 + Level 0.0 Evocations


You couldn't memorise any spells.
You didn't know any spells.
Your spell library was empty.

Dungeon Overview and Level Annotations

Branches:
Dungeon (0/15)

Altars:


Innate Abilities, Weirdness & Mutations

You have very sharp teeth.
Your uncanny sense of smell can sniff out nearby items.
Your experience applies equally to all skills.


Message History

Lugonu says: Depart the Abyss and spread corruption, my servant! (use the ability menu to exit the Abyss) Press ? for a list of commands and other information.
Found 14 gold pieces.
Found a corrupted altar of Lugonu.
You now have 14 gold pieces.
Found a gateway leading out of the Abyss.
Found a corrupted altar of Lugonu.
Found a short sword.
c - a sedimented emerald potion
Found a gateway leading deeper into the Abyss.
Found a gateway leading deeper into the Abyss.
A tentacle flies out from the starspawn's body!
A starspawn tentacle comes into view.
There is a gateway leading deeper into the Abyss here.
You plunge deeper into the Abyss.
Found 23 stones and 17 gold pieces.
Found a trident.
You now have 31 gold pieces (gained 17).
Found a runed longbow.
You see here a +3 longbow.
Found 17 stones.
You see here 17 stones.
You now have 51 gold pieces (gained 20).
Found a corrupted altar of Lugonu.
A raiju comes into view.
The raiju barks!
You hear a bark! x2
An apocalypse crab comes into view.
The apocalypse crab breathes chaos at you.
Found 21 stones.
You see here 21 stones.
The apocalypse crab breathes chaos at you.
The blast of chaos engulfs you!
You feel drained.
Found a chain mail.
You are engulfed in seething chaos.
The apocalypse crab breathes chaos at you.
The blast of chaos engulfs you.
You are engulfed in seething chaos.
A tentacled starspawn comes into view.
The apocalypse crab breathes chaos at you.
The blast of chaos engulfs you!
Ouch! That really hurt!
You die...

####....§§§#.##
#####..#§§...#
. . #.#.##.###
.# .
#.###t..#.#§§#
#####........#
..# #.#..#..###
..# #..#..##.#
. #.#..## ..
..#..#@# .#
..##.##[.X..#
#..#.#
#..#..... #. ##
.#.. ##.. . .##
.# ## #


You could see a tentacled starspawn and an apocalypse crab.

Vanquished Creatures (others)
  2 starspawn tentacles (Abyss:1)
2 creatures vanquished.

Notes
Turn   | Place    | Note
-------+----------+-------------------------------------------
     0 | Abyss:1  | Gargoyl the Gnoll Abyssal Knight began the quest for the
                  | Orb.
     0 | Abyss:1  | Reached XP level 1. HP: 23/23 MP: 3/3
    30 | Abyss:1  | Found a corrupted altar of Lugonu.
    49 | Abyss:1  | Noticed a tentacled starspawn
    53 | Abyss:1  | Noticed a hell hound
    85 | Abyss:2  | Found a corrupted altar of Lugonu.
   106 | Abyss:2  | Noticed a raiju
   109 | Abyss:2  | Noticed an apocalypse crab
   123 | Abyss:2  | Noticed a tentacled starspawn
   124 | Abyss:2  | Killed from afar by an apocalypse crab

Illustrated notes

Levels and vault maps discovered:
Abyss:2:  base: Temple, serial_sigils_hangedman_gut, bh_abyss_exit_grid,
          hangedman_decor_lopped

Table legend: (Time is in decaauts)
 A = Elapsed time spent in this place.
 B = Non-inter-level travel time spent in this place.
 C = Inter-level travel time spent in this place.
 D = Time resting spent in this place.
 E = Time spent auto-exploring this place.
 F = Levels seen in this place.
 G = Mean time per level.
                   A        B        C        D        E       F      G
               +--------+--------+--------+--------+--------+-----+--------+
         Total |    123 |    123 |      0 |      0 |     77 |   2 |   61.5 |
         Abyss |    123 |    123 |      0 |      0 |     77 |   2 |   61.5 |
               +--------+--------+--------+--------+--------+-----+--------+

Top non-repeatable levels by time:
 Abyss:2: 69 daAuts
 Abyss:1: 54 daAuts
